 Dungeon Crawl Stone Soup version 0.32-a0-900-g30fb1b0edc (webtiles) character file.

Game seed: 3642490664369842110

3487 ImSober the Skirmisher (level 10, -1/63 HPs)
             Began as a Coglin Brigand on Apr 5, 2024.
             Was a Follower of Hepliaklqana.
             Slain by an ice devil (8 damage)
             ... on level 9 of the Dungeon.
             The game lasted 00:15:05 (9320 turns).

ImSober the Skirmisher (Coglin Brigand)             Turns: 9320, Time: 00:15:06

Health: -1/63      AC: 16    Str: 12    XL:     10   Next: 7%
Magic:  10/10      EV: 11    Int: 11    God:    Hepliaklqana [*.....]
Gold:   492        SH:  0    Dex: 19    Spells: 9/9 levels left

rFire   . . .        f - +2 short sword (elec) {Xue}
rCold   . . .        J - +1 falchion (protect) {Kanlaya}
rNeg    . . .        K - +0 acid dragon scales
rPois   .            h - +0 helmet
rElec   .            c - +0 cloak
rCorr   +            t - +0 pair of gloves
SInv    .            x - -1 pair of boots
Will    .....        (amulet unavailable)
Stlth   ++           (ring unavailable)
HPRegen 0.30/turn    (ring unavailable)
MPRegen 0.12/turn    (no gizmo)

%: no passive effects
@: under a protective aura, revving
A: reduced essence, off-hand wielding, slow wielding, warmup strikes, no
jewellery
a: Invent Gizmo, Renounce Religion, Recall Ancestor, Ancestor Identity


You were on level 9 of the Dungeon.
You worshipped Hepliaklqana.
Hepliaklqana was aware of your devotion.
You visited 2 branches of the dungeon, and saw 10 of its levels.

You collected 536 gold pieces.
You spent 44 gold pieces at shops.

Inventory:

Hand Weapons
 a - a +2 dagger {Kun}
 f - a +2 short sword of electrocution (weapon) {Xue}
 J - a +1 falchion of protection (offhand) {Kanlaya}
Missiles
 d - 20 poisoned darts (quivered)
 e - 3 curare-tipped darts {=f}
Armour
 b - a +0 robe
 c - a +0 cloak (worn)
 g - a scarf of shadows
 h - a +0 helmet (worn)
 i - a +0 scale mail
 n - a -1 helmet
 t - a +0 pair of gloves (worn)
 x - a -1 pair of boots (worn)
 y - a +0 ring mail
 F - an orb of energy
 K - +0 acid dragon scales (worn)
Wands
 q - a wand of mindburst (3)
 E - a wand of roots (4)
Scrolls
 k - 2 scrolls of vulnerability {!r!r}
 l - 3 scrolls of noise {!r}
 m - 3 scrolls of teleportation {@r4}
 o - 2 scrolls of enchant armour
 p - 2 scrolls of immolation {!r!r}
 w - a scroll of fog
 H - a scroll of amnesia
 I - a scroll of poison {unknown}
Potions
 j - 4 potions of heal wounds {unknown}
 r - 2 potions of might
 s - 2 potions of curing {@q1}
 u - 3 potions of attraction {!q}
 v - 2 potions of ambrosia {unknown}
 z - 4 potions of degeneration {unknown}
 A - a potion of resistance {unknown}
 B - a potion of invisibility {unknown}
 C - a potion of mutation {unknown}
 D - a potion of haste {unknown}
 G - 2 potions of lignification {unknown}
 L - a potion of enlightenment {unknown}
 N - a potion of brilliance {unknown}


   Skills:
 + Level 3.2 Fighting
 - Level 1.7(4.3) Short Blades
 - Level 6.9(7.1) Long Blades
 * Level 10.5 Ranged Weapons
 - Level 1.7 Throwing
 + Level 2.4 Dodging
 - Level 3.2 Stealth


You had 9 spell levels left.
You didn't know any spells.
Your spell library contained the following spells:

 Spells                   Type           Power      Damage    Failure   Level
 Kiss of Death            Conj/Necr      0%         2d5       47%         1
 Magic Dart               Conj           0%         1d3       47%         1
 Slow                     Hex            0%         N/A       47%         1
 Call Imp                 Summ           0%         N/A       63%         2
 Cigotuvi's Dreadful Rot  Necr/Alch/Air  0%         N/A       63%         2
 Lesser Beckoning         Tloc           0%         N/A       63%         2
 Mercury Vapours          Alch/Air       0%         N/A       63%         2
 Searing Ray              Conj           0%         2d4       63%         2
 Sublimation of Blood     Necr           0%         N/A       63%         2
 Confusing Touch          Hex            0%         N/A       85%         3
 Maxwell's Portable Pile  Tloc           0%         2d(5-13)  85%         3
 Mephitic Cloud           Conj/Alch/Air  0%         N/A       85%         3
 Teleport Other           Tloc           0%         N/A       85%         3
 Vampiric Draining        Necr           0%         2d6       85%         3
 Dispel Undead            Necr           0%         3d6       99%         4
 Fulminant Prism          Conj/Alch      0%         3d5       99%         4
 Martyr's Knell           Necr/Summ      0%         N/A       99%         4
 Freezing Cloud           Conj/Ice/Air   0%         6-21      100%        5
 Summon Hydra             Summ           0%         N/A       100%        7


Dungeon Overview and Level Annotations

Branches:
Dungeon (9/15)             Temple (1/1) D:6
   Lair: D:8-11         Orc: D:9-12

Altars:
Ashenzari
Cheibriados
Dithmenos
Elyvilon
Fedhas
Gozag
Hepliaklqana
Kikubaaqudgha
Makhleb
Nemelex Xobeh
Okawaru
Qazlal
Ru
Sif Muna
Trog
Uskayaw
Vehumet
Wu Jian
Xom
Yredelemnul
Zin
The Shining One

Shops:
D:4 (([!   D:5 [

Annotations:
D:4 1 runed translucent door, Autsider's ghost, amateur GnAl
D:5 2 transporters, Tenar's ghost, novice DsCA


Innate Abilities, Weirdness & Mutations

Your life essence is reduced to manifest your ancestor. (-10% HP)
You can wield a second weapon in your off-hand.
It takes a long time for you to wield or remove held weapons.
Your first few attacks do less damage.
You cannot equip rings or amulets.


Message History

q - a wand of mindburst (3)
You pick up a book of Conjurations and begin reading...
You add the spells Magic Dart, Searing Ray and Fulminant Prism to your library.
Unknown command.
No target in view!
You open the huge gate.
A white imp comes into view.
A white imp is nearby!
Unknown command.
An ice devil comes into view.
There is a huge open gate here.
The white imp shouts, "Out, out, thou puking fen-sucked joithead!"
You hear a shout!
You hit the white imp but do no damage.
Your weapon exudes an aura of protection.
You hit the white imp with your +2 short sword of electrocution.
The white imp closely misses you.
You hit the white imp with your +1 falchion of protection.
You closely miss the white imp with your +2 short sword of electrocution.
The white imp hits you but does no damage.
The ice devil hits you. The ice devil freezes you!
You closely miss the white imp with your +1 falchion of protection.
You hit the white imp with your +2 short sword of electrocution.
Vosobu hits the white imp.
The white imp dies!
You barely miss the ice devil with your +2 short sword of electrocution.
You barely miss the ice devil with your +1 falchion of protection.
The ice devil hits you. The ice devil freezes you!!
* * * LOW HITPOINT WARNING * * *
You are too injured to fight recklessly!
Aiming: Fastroot
Press: ? - help, Q - select action, (/) - cycle Shift-Dir - straight line The roots erupt in riotous growth!
Roots grab the ice devil.
The grasping roots constrict the ice devil!
You hear a shout!
The ice devil hits you.
* * * LOW HITPOINT WARNING * * *
The ice devil freezes you!
* * * LOW HITPOINT WARNING * * *
Vosobu hits the ice devil but does no damage.
You hear a shout!
You hit the ice devil but do no damage. x2
Lightning courses through the ice devil!!
The grasping roots constrict the ice devil!
The ice devil hits you!
* * * LOW HITPOINT WARNING * * *
The ice devil freezes you!
You die...
Hepliaklqana delivers you to your ancestors.

.###..# .......########
......#......# ########
~~#..#......# .....(.#
#~..'......# .......#
##~.['......# .......#
#~#..'.#....#### .......#
#~...'......#... ....><.##
#~~#R@.#..........
.))...#.#......4..#......#.
..)...###.........#.#....#
..##..####..###..####....#
.....###.#. #..##......#
........## ...#...........
#........# ....#...#.......
)........#
...#.#.....######
.........# #...###


You could see the friendly Vosobu the ancestor and an ice devil (rooted, ally
target).

Vanquished Creatures
  Jeremiah (D:6)
  An acid dragon (D:9)
  3 water moccasins
  3 ice beasts
  A black bear (D:6)
  2 orc warriors (D:9)
  3 centaurs
  A phantom (D:6)
  A kobold brigand (D:7)
  A gnoll sergeant (D:8)
  A bullfrog (D:8)
  7 wights (D:8)
  4 howler monkeys
  2 bombardier beetles (D:5)
  7 orc priests
  4 hounds
  3 sleepcaps
  An iguana (D:3)
  Natasha (thrice) (D:4)
  11 orc wizards
  7 gnolls
  11 adders
  A shadow imp (D:5)
  A white imp (D:7)
  3 dart slugs
  A ribbon worm (D:2)
  41 orcs
  12 ball pythons
  3 bats
  11 endoplasms
  4 giant cockroaches
  4 goblins
  7 hobgoblins
  3 jackals (D:3)
  3 quokkas
  A frilled lizard (D:1)
  13 kobolds
  7 rats
193 creatures vanquished.

Vanquished Creatures (collateral kills)
  A white imp (D:9)
  2 orcs
  2 butterflies (D:9)
5 creatures vanquished.

Vanquished Creatures (others)
  2 ancestors
2 creatures vanquished.

Grand Total: 200 creatures vanquished

Notes
Turn   | Place    | Note
-------+----------+-------------------------------------------
     0 | D:1      | ImSober the Coglin Brigand began the quest for the Orb.
     0 | D:1      | Reached XP level 1. HP: 16/16 MP: 1/1
    89 | D:1      | Reached skill level 1 in Long Blades
   135 | D:1      | Reached XP level 2. HP: 21/22 MP: 2/2
   548 | D:1      | Reached XP level 3. HP: 27/27 MP: 3/3
  1015 | D:2      | Reached skill level 3 in Long Blades
  1119 | D:2      | Reached XP level 4. HP: 30/33 MP: 4/4
  1588 | D:2      | Reached XP level 5. HP: 38/38 MP: 5/5
  1593 | D:2      | Found a faded altar of an unknown god.
  2629 | D:3      | Reached XP level 6. HP: 15/44 MP: 6/6
  2636 | D:3      | HP: 2/44 [orc/+0 flail of holy wrath (4)]
  3282 | D:4      | Reached skill level 6 in Long Blades
  3288 | D:4      | Found Teukhlil's Distillery.
  3290 | D:4      | Noticed Natasha
  3316 | D:4      | Killed Natasha
  3326 | D:4      | Bought a potion of might for 44 gold pieces
  3369 | D:4      | Found Lirphic's Armour Boutique.
  3386 | D:4      | Found Fyaf's Antique Weapon Shoppe.
  3386 | D:4      | Noticed Natasha
  3430 | D:4      | Killed Natasha
  3534 | D:4      | Noticed Natasha
  3544 | D:4      | Killed Natasha
  3670 | D:4      | Reached XP level 7. HP: 48/50 MP: 7/7
  3772 | D:4      | Found Siemm's Antique Weapon Boutique.
  3895 | D:4      | Found a runed translucent door.
  3896 | D:4      | Noticed Autsider's ghost (amateur GnAl)
  4031 | D:5      | Entered Level 5 of the Dungeon
  4051 | D:5      | Reached skill level 1 in Ranged Weapons
  4092 | D:5      | Identified the +5 ring mail "Ycsanio" {rC+ rCorr Int+2}
  4095 | D:5      | Noticed Tenar's ghost (novice DsCA)
  4105 | D:5      | Found a transporter.
  4168 | D:5      | Reached skill level 2 in Ranged Weapons
  4263 | D:5      | Reached skill level 3 in Ranged Weapons
  4311 | D:5      | Found Munlao's Armour Emporium.
  4381 | D:5      | Found an opulent altar of Gozag.
  4381 | D:5      | Found a white marble altar of Elyvilon.
  4382 | D:5      | Found a glowing golden altar of the Shining One.
  4668 | D:5      | Found a transporter.
  4679 | D:5      | Identified the ring "Tuellell" {rF+ Int+4 Dex+2}
  4943 | D:5      | Reached skill level 4 in Ranged Weapons
  5259 | D:6      | Noticed Jeremiah
  5281 | D:6      | Reached XP level 8. HP: 49/56 MP: 8/8
  5294 | D:6      | Reached skill level 5 in Ranged Weapons
  5437 | D:6      | HP: 2/44 [Jeremiah/+3 trident of draining (3)]
  5439 | D:6      | Killed Jeremiah
  5440 | D:6      | Reached skill level 6 in Ranged Weapons
  5777 | D:6      | Found a hide-covered altar of Uskayaw.
  5886 | D:6      | Reached skill level 7 in Ranged Weapons
  5951 | D:6      | Found a staircase to the Ecumenical Temple.
  6246 | D:6      | Found a blossoming altar of Fedhas.
  6315 | D:6      | Found a sacrificial altar of Ru.
  6426 | Temple   | Entered the Ecumenical Temple
  6450 | Temple   | Became a worshipper of Hepliaklqana the Forgotten
  6522 | D:6      | Reached XP level 9. HP: 20/61 MP: 9/9
  6676 | D:7      | Reached skill level 8 in Ranged Weapons
  6706 | D:7      | Found an ancient bone altar of Kikubaaqudgha.
  7438 | D:8      | Reached skill level 9 in Ranged Weapons
  7904 | D:8      | Reached * piety under Hepliaklqana
  7968 | D:8      | Reached skill level 10 in Ranged Weapons
  7969 | D:8      | Reached skill level 1 in Dodging
  8876 | D:9      | Reached skill level 3 in Fighting
  8876 | D:9      | Reached XP level 10. HP: 45/63 MP: 10/10
  9269 | D:9      | Found a shimmering altar of Xom.
  9320 | D:9      | Slain by an ice devil

Illustrated notes

Levels and vault maps discovered:
D:1:      dpeg_arrival_shrine, layout_loops_ring, serial_forest,
          infiniplex_forest_straight_4, infiniplex_forest_corner_1,
          infiniplex_forest_end_3, infiniplex_forest_join,
          infiniplex_forest_lined_3_way
D:2:      layout_rooms, hellmonk_ecumenical_altar_blasted
D:3:      layout_loops_cross
D:4:      layout_rooms, serial_shops, nicolae_shop_peninsula,
          nicolae_shop_statue_plus, nicolae_shop_statue_plus, shop,
          ebering_ghost_inner_flame, chequers_serial_rivers_micro_b,
          nicolae_half_adder, uniq_natasha
D:5:      layout_gridville, grunt_temple_overflow_open, serial_shops,
          nicolae_shop_scrapyard, gammafunk_ghost_gnarly_gnolls,
          kennysheep_diamond, palyth_stone_intersect
D:6:      layout_loops_ring, mainiacjoe_overflow_alcove_4,
          nicolae_ru_the_path_less_chosen, fedhas_altar_decomposition,
          minmay_temple_entry_waves, serial_bayou_pond_c, uniq_jeremiah
D:7:      layout_gridville, lemuel_crystal_altar
D:8:      nicolae_cairo_tiling_very_big, layout_loops_ring,
          chequers_serial_rivers_micro_e
D:9:      layout_rooms, xom_butterflies, hellmonk_guarded_unrand_frostbite
Temple:   minmay_temple_curvy_branch

Skill      XL: |  1  2  3  4  5  6  7  8  9 |
---------------+----------------------------+-----
Long Blades    | 1 2 3 4 5 6 |  6.9
Ranged Weapons | 4 7 10 | 10.5
Dodging        | 2 |  2.4
Fighting       | 3 |  3.2
Short Blades   | |  1.7
Throwing       | |  1.7
Stealth        | |  3.2

Action                     |  1- 3 |  4- 6 |  7- 9 | 10-12 || total
---------------------------+-------+-------+-------+-------++-------
  Melee: Dagger            |   105 |   161 |   270 |       ||   536
         Falchion          |    18 |   131 |    42 |    28 ||   219
         Short sword       |       |    39 |   329 |    28 ||   396
  Evoke: Wand              |       |       |     8 |     1 ||     9
    Use: Scroll            |       |     2 |     8 |     1 ||    11
         Potion            |       |     2 |     3 |       ||     5
   Stab: Sleeping          |     2 |       |     2 |       ||     4
         Distracted        |       |       |     3 |       ||     3
 Armour: Scale mail        |    48 |   148 |    64 |       ||   260
         Ring mail         |       |       |   180 |       ||   180
         Acid dragon scale |       |       |    15 |    14 ||    29
  Dodge: Dodged            |    28 |    74 |   141 |    18 ||   261

Table legend: (Time is in decaauts)
 A = Elapsed time spent in this place.
 B = Non-inter-level travel time spent in this place.
 C = Inter-level travel time spent in this place.
 D = Time resting spent in this place.
 E = Time spent auto-exploring this place.
 F = Levels seen in this place.
 G = Mean time per level.
                   A        B        C        D        E       F      G
               +--------+--------+--------+--------+--------+-----+--------+
         Total |   9235 |   8502 |    733 |   1994 |   5126 |  10 |  923.5 |
       Dungeon |   9189 |   8500 |    689 |   1994 |   5126 |   9 | 1021.0 |
        Temple |     46 |      2 |     44 |      0 |      0 |   1 |   46.0 |
               +--------+--------+--------+--------+--------+-----+--------+

Top non-repeatable levels by time:
     D:3: 1381 daAuts
     D:5: 1312 daAuts
     D:8: 1298 daAuts
     D:6: 1231 daAuts
     D:1: 1133 daAuts
     D:4: 779 daAuts
     D:2: 717 daAuts
     D:9: 695 daAuts
     D:7: 639 daAuts
  Temple: 46 daAuts
